Cogmind - Beta 13 @@@ ROGUE MODE // 2024.05.27 @ 10:09:57 Player: Minty Result: Destroyed by S-27 Virus with Autogun Performance ------------- Evolutions (3) 1500 Regions Visited (4) 800 Robots Destroyed (57) 285 Value Destroyed (1646) 1646 Prototype IDs (9) 180 Alien Tech Used (0) 0 Bonus (6) 6 TOTAL SCORE: 4417 Bonus ------- High Alert Combat Kills 6 Cogmind --------- Core Integrity 0/700 Matter 300/300 Energy 100/100 System Corruption 0% Temperature Cool (0) Movement Core (50) Location -7/Factory Parts ------- > --- POWER (1) -------- (None) > --- PROPULSION (4) --- (None) > --- UTILITY (4) ------ Targeting Computer Target Analyzer Armor Integrity Analyzer > --- WEAPON (4) ------- Powered Hammer > --- INVENTORY (5) ---- Particle Charger Heavy Hammer Heavy Hammer Peak State ------------ > --- POWER ------------ (None) > --- PROPULSION ------- Armored Wheel Armored Wheel Armored Wheel > --- UTILITY ---------- Targeting Computer Advanced Targeting Computer Target Analyzer Armor Integrity Analyzer > --- WEAPON ----------- Precision Grenade Launcher Heavy Mace > --- INVENTORY -------- Particle Charger Heavy Hammer Heavy Hammer Powered Hammer [Rating: 26] Favorites ----------- Power Nuclear Core Engine Light Ion Engine Power Core Nuclear Core Propulsion Wheel Leg Aluminum Leg Wheel Wheel Utility Heat Sink Device Heat Sink Storage Small Storage Unit Processor Advanced Targeting Computer Hackware Hacking Suite Protection Light Armor Plating Weapon Field Laser Energy Gun Field Laser Energy Cannon Particle Cannon Ballistic Gun Assault Rifle Launcher Shock Bomb Launcher Impact Weapon Heavy Mace Build | -11 -10 -9 -8 -7 ------- Run | Yrd Mat Mat Mat Fac Slots Evolved 6 | . . 2 2 2 Power . | . . . . . Propulsion 2 | . . 1 . 1 Utility 2 | . . 1 . 1 Weapon 2 | . . . 2 . Parts Attached 49 | . 4 13 16 16 Power 3 | . . 2 1 . Engine 2 | . . 1 1 . Core 1 | . . 1 . . Reactor . | . . . . . Propulsion 13 | . 3 2 4 4 Treads . | . . . . . Leg . | . . . . . Wheel 13 | . 3 2 4 4 Hover . | . . . . . Flight . | . . . . . Utility 13 | . 1 3 3 6 Device 6 | . . 3 2 1 Storage . | . . . . . Processor 5 | . 1 . . 4 Hackware 1 | . . . . 1 Protection 1 | . . . 1 . Artifact . | . . . . . Weapon 20 | . . 6 8 6 Energy Gun 8 | . . 2 6 . Energy Cannon 1 | . . . . 1 Ballistic Gun 2 | . . . 1 1 Ballistic Cannon . | . . . . . Launcher 3 | . . . 1 2 Special Weapon . | . . . . . Impact Weapon 6 | . . 4 . 2 Slashing Weapon . | . . . . . Piercing Weapon . | . . . . . Special Melee Weapon . | . . . . . Unidentified Prototypes 3 | . . 1 1 1 Parts Lost 28 | . . 4 14 10 Power 2 | . . . 2 . Propulsion 10 | . . 2 4 4 Utility 7 | . . 1 4 2 Weapon 9 | . . 1 4 4 Highest Loss Streak 8 | . . 4 8 5 To Critical Strikes . | . . . . . Average Slot Usage (%) 75 | . 94 91 93 43 Engine 4 | . 14 4 4 . Core 2 | . . 6 3 . Leg 3 | . 21 . . . Wheel 16 | . 7 27 23 8 Device 6 | . . 9 15 . Storage 6 | . 14 11 9 . Processor 10 | . 9 11 1 18 Energy Gun 14 | . 14 6 32 . Ballistic Gun 3 | . 14 4 . 2 Launcher 1 | . . . 1 2 Impact Weapon 3 | . . 9 . 5 Naked Turns . | . . . . . Heaviest Build 30 | 12 12 19 30 11 Greatest Support 30 | 20 20 30 30 12 Greatest Overweight (x) 3 | . 1 1 3 3 Average Overweight (x) . | . . . . . Largest Inventory Capacity 8 | . 8 8 8 5 Average Capacity 6 | . 8 8 7 5 Most Carried 8 | . 8 8 8 5 Average Carried 6 | . 6 7 7 4 Final Capacity 8 | 8 8 8 5 5 Final Carried 8 | 6 8 8 5 3 Class Distribution -------------------- 67% | Mutant 21% | Scavenger-Gunner 6% | Gunner 4% | Scavenger-Skirmisher Dominant Class ---------------- Mutant | -10/Materials Mutant | -9/Materials Scavenger-Gunner | -8/Materials Mutant | -7/Factory Resources | -11 -10 -9 -8 -7 ----------- Run | Yrd Mat Mat Mat Fac Matter Collected 794 | 155 135 182 175 147 Remotely . | . . . . . Salvage Created 2309 | . 202 428 1002 677 Parts 127 | . 18 21 64 24 Haulers Intercepted 6 | . 1 1 3 1 Recyclers Shooed . | . . . . . Parts Field Recycled . | . . . . . Retrieved Matter . | . . . . . Parts Self-Destructed . | . . . . . Prevented . | . . . . . Kills | -11 -10 -9 -8 -7 ------- Run | Yrd Mat Mat Mat Fac Combat Hostiles Destroyed 32 | . 3 7 14 8 Melee 6 | . . 2 . 4 Guns 18 | . 3 5 10 . AOE 3 | . . . 3 . Classes Destroyed 13 | . 5 3 2 3 Worker 7 | . 1 . 2 4 Builder 2 | . 1 . 1 . Tunneler 2 | . . . 1 1 Hauler 6 | . 1 1 3 1 Recycler 2 | . . 1 . 1 Mechanic 1 | . . . . 1 Operator 2 | . . . . 2 Watcher 3 | . 1 . 1 1 Swarmer 2 | . . . . 2 Grunt 19 | . 3 4 9 3 Brawler 2 | . . 2 . . Sentry 8 | . . 1 4 3 Hunter 1 | . . . 1 . Best Kill Streak 5 | . 4 5 4 5 Combat Bots Only 4 | . 2 4 4 4 Max Kills in Single Turn 3 | . 1 1 3 1 Gunslinging 1 | . . . 1 . Exploded 2 | . . . 2 . Melee 1 | . . 1 . 1 Uniques/NPCs Destroyed . | . . . . . Combat | -11 -10 -9 -8 -7 -------- Run | Yrd Mat Mat Mat Fac Hostile Shots Fired 349 | . 30 50 77 192 Missed 107 | . 5 11 23 68 Damage Taken 3393 | . 329 478 1066 1520 Core 1127 | . 52 87 284 704 Absorbed by Shields . | . . . . . Core Remaining (%) 76 | 100 79 78 48 . Volleys Fired 110 | . 30 30 40 10 Largest 4 | . 2 2 4 2 Hottest 245 | . 70 70 245 88 Shots Fired 266 | . 60 44 150 12 Gun 251 | . 60 44 144 3 Cannon 8 | . . . . 8 Launcher 7 | . . . 6 1 Special . | . . . . . Kinetic 47 | . 30 14 . 3 Thermal 189 | . 30 30 121 8 Explosive 1 | . . . . 1 Electromagnetic 29 | . . . 29 . Robot Hit Streak 17 | . 8 5 17 5 Robot Miss Streak 6 | . 4 4 6 1 Penetration Max . | . . . . . Secondary Targets 1 | . . . 1 . Max Gunslinging Chain 1 | . . . 1 . Shots Hit Robots 189 | . 37 33 81 38 Core Hits 80 | . 15 13 42 10 Critical Kills 2 | . . . . 2 Critical Parts Destroyed 7 | . 2 . . 5 Critical Strikes 14 | . 3 . 4 7 Burn 5 | . 1 . 4 . Destroy 2 | . 2 . . . Smash 7 | . . . . 7 Melee Attacks 53 | . . 7 . 46 Impact 53 | . . 7 . 46 Slashing . | . . . . . Piercing . | . . . . . Sneak Attacks 9 | . . . . 9 Combat Hostiles . | . . . . . Follow-up Attacks 1 | . . 1 . . Damage Inflicted 4660 | . 481 575 1790 1814 Guns 2361 | . 481 396 1469 15 Cannons 143 | . . . . 143 Explosions 404 | . . . 296 108 Melee 1727 | . . 179 . 1548 Ramming 25 | . . . 25 . Kinetic 405 | . 294 96 . 15 Thermal 1956 | . 187 300 1268 201 Explosive 50 | . . . . 50 Electromagnetic 497 | . . . 497 . Impact 1727 | . . 179 . 1548 Slashing . | . . . . . Piercing . | . . . . . Highest Corruption 4 | . . . 4 . Average Corruption 2 | . . . 2 . Corruption Purged . | . . . . . Corruption Blocked . | . . . . . Overload Shots . | . . . . . Overflow Damage 631 | . . . 13 618 Projectiles . | . . . . . Explosions 51 | . . . 13 38 Melee 580 | . . . . 580 Knockbacks 4 | . . . . 4 Impact 4 | . . . . 4 Kinetic . | . . . . . Secondary . | . . . . . Self-Inflicted Damage 125 | . . . 77 48 Shots 5 | . . . 4 1 Rammed 4 | . . . 4 . Targets Rammed 4 | . . . 4 . Kicked . | . . . . . Crushed . | . . . . . Highest Temperature 490 | . 189 325 490 27 Average Temperature 108 | . 63 110 138 11 Received Heat Transfer 1218 | . 216 231 333 438 Effects 3 | . . 1 2 . Shutdowns 1 | . . . 1 . Energy Bleed 2 | . . 1 1 . Siege Activations . | . . . . . Robots Corrupted . | . . . . . Combat Hostiles . | . . . . . Parts Fried 20 | . . . . 20 Impact Corruptions 19 | . . . . 19 Robots Melted 2 | . . . 1 1 Combat Hostiles 2 | . . . 1 1 Parts Melted 9 | . . . 9 . Heat Transferred 4455 | . 629 740 2777 309 Parts Sabotaged . | . . . . . Parts Stolen . | . . . . . Parts Stripped . | . . . . . Power Chain Reactions 2 | . . . 2 . Alert | -11 -10 -9 -8 -7 ------- Run | Yrd Mat Mat Mat Fac Peak Influence 456 | . 173 240 290 456 Initial 104 | . . 72 1 104 Average 153 | . 77 152 140 201 Maximum Alert Level 2 | . . 1 1 2 Low Security (%) 63 | . 100 66 65 43 Level 1 36 | . . 33 34 54 Level 2 . | . . . . 1 Level 3 . | . . . . . Level 4 . | . . . . . Level 5 . | . . . . . High Security . | . . . . . Max Security . | . . . . . Squads Dispatched 9 | . 1 1 4 3 Investigation 4 | . . 1 1 2 Extermination . | . . . . . Reinforcement 5 | . 1 . 3 1 Assault . | . . . . . Garrison . | . . . . . Intercept . | . . . . . Searches Triggered . | . . . . . Construction Impeded 1 | . . . 1 . Haulers Reinforced . | . . . . . Active Scanning Responses . | . . . . . Cargo Convoy Interrupts . | . . . . . Stealth | -11 -10 -9 -8 -7 --------- Run | Yrd Mat Mat Mat Fac Distress Signals 5 | . 1 . 3 1 Communications Jammed . | . . . . . Distress Signals . | . . . . . Times Spotted 66 | . 11 7 22 26 Peak Tracking Total 12 | . 4 4 5 12 Tactical Retreats 8 | . 2 . 1 5 Traps | -11 -10 -9 -8 -7 ------- Run | Yrd Mat Mat Mat Fac Traps Triggered 1 | . . 1 . . Indirectly . | . . . . . Trap Hack Attempts . | . . . . . Triggered . | . . . . . Disarmed . | . . . . . Reprogrammed . | . . . . . Reused . | . . . . . Traps Extracted . | . . . . . Installed . | . . . . . Triggered . | . . . . . Machines | -11 -10 -9 -8 -7 ---------- Run | Yrd Mat Mat Mat Fac Machines Disabled 6 | . . . 2 4 Max in Single Turn 2 | . . . 1 2 Machines Repaired . | . . . . . Machines Dismantled . | . . . . . Machines Sabotaged . | . . . . . Overloaded Fab Kills . | . . . . . Hacking | -11 -10 -9 -8 -7 --------- Run | Yrd Mat Mat Mat Fac Machines Accessed 10 | . 4 1 2 3 Terminals 9 | . 4 1 2 2 Fabricators . | . . . . . Repair Stations . | . . . . . Recycling Units 1 | . . . . 1 Scanalyzers . | . . . . . Garrison Access . | . . . . . Total Hacks 39 | . 18 6 6 9 Successful 21 | . 9 6 4 2 Failed 17 | . 8 . 2 7 Catastrophic 3 | . 2 . 1 . Database Lockouts 1 | . 1 . . . Manual 13 | . 8 2 1 2 Terminals 36 | . 18 6 6 6 Fabricators . | . . . . . Repair Stations . | . . . . . Recycling Units 3 | . . . . 3 Scanalyzers . | . . . . . Garrison Access . | . . . . . Terminal Hacks 18 | . 8 6 3 1 Prototype ID Bank 3 | . 2 1 . . Level Access Points 1 | . . . 1 . Terminal Index 2 | . 1 . . 1 Alert Level 4 | . 2 1 1 . Unreport Threat 3 | . . 3 . . Locate Traps 1 | . . . 1 . Dispatch Records 1 | . 1 . . . Transport Status 1 | . 1 . . . Registered Components 1 | . 1 . . . Zone Layout 1 | . . 1 . . Fabricator Hacks . | . . . . . Repair Station Hacks . | . . . . . Recycling Unit Hacks 1 | . . . . 1 Report Inventory 1 | . . . . 1 Scanalyzer . | . . . . . Garrison Access Hacks . | . . . . . Unauthorized Hacks 2 | . 1 . 1 . Terminals 2 | . 1 . 1 . Operators 1 | . 1 . . . Sabotage 1 | . . . 1 . Fabricators . | . . . . . Repair Stations . | . . . . . Recycling Units . | . . . . . Scanalyzers . | . . . . . Garrison Access . | . . . . . Data Cores Recovered . | . . . . . Used . | . . . . . Hacking Detections 9 | . 4 1 1 3 Full Trace Events 4 | . 2 . . 2 Feedback Events . | . . . . . Feedback Blocked . | . . . . . Robot Schematics Acquired . | . . . . . Robots Built . | . . . . . Authchips . | . . . . . Time . | . . . . . Total Robot Build Rating . | . . . . . Part Schematics Acquired . | . . . . . Parts Built . | . . . . . Authchips . | . . . . . Time . | . . . . . Total Part Build Rating . | . . . . . Parts Repaired . | . . . . . Time . | . . . . . Parts Recycled . | . . . . . Recycled Matter . | . . . . . Retrieved Matter . | . . . . . Retrieved Components . | . . . . . Parts Scanalyzed . | . . . . . Part Schematics Acquired . | . . . . . Parts Damaged . | . . . . . Bothacking | -11 -10 -9 -8 -7 ------------ Run | Yrd Mat Mat Mat Fac Used RIF Installer . | . . . . . Robots Hacked . | . . . . . Non-combat . | . . . . . Combat . | . . . . . Robot Hacks Applied . | . . . . . Relay Couplers Released . | . . . . . Fabnet Peak Effective % . | . . . . . Robots Rewired . | . . . . . Allies Hacked . | . . . . . Hacks Repelled . | . . . . . Allies | -11 -10 -9 -8 -7 -------- Run | Yrd Mat Mat Mat Fac Total Allies . | . . . . . Largest Group . | . . . . . Highest-Rated Group . | . . . . . Highest-Rated Ally . | . . . . . Total Orders . | . . . . . Ally Attacks . | . . . . . Total Damage . | . . . . . Kills . | . . . . . Allies Corrupted . | . . . . . Allies Melted . | . . . . . Intel | -11 -10 -9 -8 -7 ------- Run | Yrd Mat Mat Mat Fac Robot Analysis Total . | . . . . . Derelict Logs Recovered . | . . . . . Drone Launches . | . . . . . Drone Recoveries . | . . . . . Exploration | -11 -10 -9 -8 -7 ------------- Run | Yrd Mat Mat Mat Fac Turns Passed 1745 | . 286 254 583 622 Spaces Moved 1376 | 1 171 163 460 581 Core 538 | . . . 4 534 Treads . | . . . . . Legs 99 | 1 98 . . . Wheels 739 | . 73 163 456 47 Hover . | . . . . . Flight . | . . . . . Fastest Speed 50 | 120 80 80 80 50 Average Speed 82 | 120 103 80 84 74 Slowest Speed 200 | 120 120 95 200 200 Overloaded Moves . | . . . . . Propulsion Burnouts . | . . . . . Robots Hopped . | . . . . . Cave-ins Triggered . | . . . . . Exploration Rate (%) 23 | 1 37 16 44 19 Regions Visited 4 Branch Regions . Pre-discovered Areas . | . . . . . Known Exits Taken 1 | . . . 1 . Unknown Exits Taken 3 | 1 1 1 . . Scrap Searched . | . . . . . Spaces Dug . | . . . . . Terrain Destroyed 41 | . . . 14 27 Melee . | . . . . . Projectile . | . . . . . AOE 41 | . . . 14 27 Terrain Rammed . | . . . . . Walls Destroyed . | . . . . . Machines Disabled . | . . . . . Actions | -11 -10 -9 -8 -7 --------- Run | Yrd Mat Mat Mat Fac Total 1682 | . 221 236 553 672 Wait 49 | . 12 . 26 11 Move 1373 | . 170 162 460 581 Hop . | . . . . . Pick Up 17 | . 1 10 3 3 Fast Attach 24 | . 3 5 5 11 Attach 15 | . . 4 6 5 Detach 8 | . 2 2 2 2 Swap 10 | . 1 4 5 . Drop 21 | . 2 13 3 3 Fire 110 | . 30 30 40 10 Melee 52 | . . 6 . 46 Ram 3 | . . . 3 . Kick . | . . . . . Crush . | . . . . . Escape Stasis . | . . . . . Rewire . | . . . . . Trap . | . . . . . Miscellaneous . | . . . . . Route ------- -11/Scrapyard -10/Materials -9/Materials -8/Materials (discovered 3 exits: *Fac x3) -7/Factory History --------- Turn | Location | Event 1 | -11/Scrapyard | Discovered new exit (range 0) 1 | -11/Scrapyard | Entered Materials 281 | -10/Materials | Discovered new exit (range 7) 284 | -10/Materials | Central database locked down 287 | -10/Materials | Entered another Materials area 287 | -9/Materials | Evolved 2 slots: Propulsion x1, Utility x1 309 | -9/Materials | Build established: Mutant 481 | -9/Materials | Lost 4 parts (2n1u1w) 534 | -9/Materials | Discovered new exit (range 8) 541 | -9/Materials | Entered another Materials area 541 | -8/Materials | Evolved 2 slots: Weapon x2 919 | -8/Materials | Build established: Scavenger-Gunner 1054 | -8/Materials | Lost 5 parts (3n1u1w) 1065 | -8/Materials | Identified exit to Factory 1121 | -8/Materials | Core integrity fell below 50% 1124 | -8/Materials | Entered Factory 1124 | -7/Factory | Evolved 2 slots: Propulsion x1, Utility x1 1151 | -7/Factory | Lost 8 parts (1p1n3u3w) 1355 | -7/Factory | Lost 3 parts (1n2w) 1414 | -7/Factory | Build established: Mutant 1714 | -7/Factory | Core integrity fell below 50% 1733 | -7/Factory | Core integrity fell below 20% 1746 | -7/Factory | Destroyed by S-27 Virus with Autogun Last Messages --------------- 01708_ Arm. Wheel destroyed. 01714_ Arm. Wheel destroyed. 01729_ Destroyed Imp. Deuterium Engine. 01729_ Y-54 Guardian system corrupted by crushing effect. 01729_ Y-54 Guardian misfires. 01730_ Y-54 Guardian system terminally corrupted. 01730_ Imp. Heat Sink fried. 01731_ Hvy. Mace destroyed. 01732_ G-47 Trooper destroyed. 01735_ Acquired 10 matter. 01736_ S-27 Virus suffers critical hit (Smash). 01736_ S-27 Virus destroyed. 01739_ Adv. Targeting Computer destroyed. 01739_ K-01 Serf collects debris. 01744_ Destroyed Lgt. Nuclear Core. 01744_ S-27 Virus system corrupted by crushing effect. 01744_ S-27 Virus knocked back. 01744_ S-27 Virus misfires. 01745_ S-27 Virus system terminally corrupted. 01745_ VTOL Module fried. Map ----- +----------------------------------------------------+ | ?????????????????????????????????????????????????? | | ??????????????????????????####???????????????????? | | ??????????????#?????????? [ #???????????????????? | | ?????????????? ????????? #???????????????????? | | ?????????????? ????????? #???????????????????? | | ?????????????? ????????? #?????"?????????????? | | ?????????????? ????????? #????"" ????????????? | | ?????????????? ???????"" #??"""" """" #??????? | | ?????????????# #???? #? """" """" #??????? | | ?????????????# ??"""""" ## """" """" #??????? | | ?????????????# ## """""" ## """" """" #??????? | | ############## #? """""" #??"""" """" #??????? | | # = # #???""""" ?????? #??????? | | # # #????? ?????????? ????????? | | # """ """ # ########+##############+########### | | # """ """ # ^ ] | | # """ """ # | | # + | | # """ """ # ^ | | # """ """ # ^ | | # """ """ ##### ################ | | # #???# w # # | | # #???# # # | | # #???#+## s#=% + | | #########/####??????# [+% # | | ????????# #?????????# ==@# # | | ????????# #?????????# [% [# # | | ????????# #?????????# k ################ ### | | ??????###!########### #####??????????# #?? | | ??????# !!%! ?????????? #?? | | ??????# !!! ????????? #?? | | ??????+ = ????????? #?? | | ??????# ????????? #?? | | ??????# a ????????? #?? | | ??????# ###########+######???????????#######?? | | ??????# #????????? ?????????????????????????? | | ??????# #????????? ?????????????????????????? | | ??????# #????????? ???????????????????????#?? | | ??????# #????????? "???????????????????????? ? | | ??????# #????????" "????????????????????????# | | ????### ###??????? ?????????????????????????# | | ????# #?????????????????????????????????# | | ????# #??????????????????????????????????? | | ????# #??????????????????????????????????? | | ????# [ #### """??????????????????????###### | | ????# % + ???????????????????????+ | | ????# ####??????????????????????????### | | ????# #???????????????????############# # | | ????# #???????????????????# !! + # | | ????# #???????????????????# ! #### | +----------------------------------------------------+ Best States ------------- Heat Dissipation 51 Energy Generation 14 Energy Capacity 265 Matter Stores 300 Matter Capacity 300 Sight Range 18 Terrain Scan Density 10 Evasion (%) 55 Targeting Accuracy 13 Target Analysis 5 Armor Integrity Analysis 30 Particle Charging 15 Offensive Hacking 10 Item Schematics ----------------- None Robot Schematics ------------------ None Fabricated ------------ Nothing Alien Tech Used ----------------- None Achievements -------------- None Challenges ------------ None Game ------ Seed FusionSlugField Manual? 0 Play Time 00:16:05 Cumulative 742.2 hours Start 2024.05.26 @ 16:57:39 End 2024.05.27 @ 10:09:57 Sessions 3 Manual Loads 0 Difficulty Rogue Special Mode None Game No. 812 Rogue 537 Adventurer 123 Explorer 152 Win Type - Total 26 Types 20/0/4/1/0/0/0/1/0 Lore% 84 Gallery% 92 Achievement% 76 Wizard Run 0 Options --------- Layout 0 ASCII 0 Keyboard 1 Movement Numpad Keybinds 0 Fullscreen 2 Font 18/Terminus Map View 76x50 Zoom Use 0% Tactical HUD 1 Map Filters NONE Filters NONE Steam 1 RUN: 2aa89f87-58fc-4639-b3a8-95662585374d